 Dungeon Crawl Stone Soup version 0.21-a0-509-gecc5317 (webtiles) character file.

3449 slep the Cleaver (level 9, -1/79 HPs)
             Began as a Minotaur Fighter on Nov 29, 2017.
             Was a Priest of Okawaru.
             Slain by a wraith (8 damage)
             ... on level 11 of the Dungeon.
             The game lasted 00:23:29 (4455 turns).

slep the Cleaver (Minotaur Fighter)                 Turns: 4455, Time: 00:23:30

Health: -1/79      AC:  8    Str: 22    XL:     9   Next: 78%
Magic:  8/8        EV: 14    Int:  5    God:    Okawaru [***...]
Gold:   349        SH: 11    Dex: 16    Spells: 8/8 levels left

rFire    . . .     SeeInvis .   a - +0 war axe
rCold    . . .     Gourm    .   c - +0 shield
rNeg     . . .     Faith    .   E - -2 ring mail (curse)
rPois    .         Spirit   .   (helmet restricted)
rElec    .         Reflect  .   O - +0 cloak
rCorr    .         Harm     .   e - +1 pair of gloves
MR       +....     Rnd*Tele +   (no boots)
Stlth    +.........             (no amulet)
HPRegen  0.23/turn              D - +3 ring of evasion
MPRegen  0.11/turn              n - +6 ring of slaying

@: no status effects
A: retaliatory headbutt, horns 2, agile 1, magic resistance 1, strong 1,
teleportitis 1
a: Heroism, Renounce Religion


You were on level 11 of the Dungeon.
You worshipped Okawaru.
Okawaru was most pleased with you.
You were hungry.

You visited 2 branches of the dungeon, and saw 11 of its levels.

You collected 349 gold pieces.

Inventory:

Hand Weapons
 a - a +0 war axe (weapon)
 h - a +4 flail of holy wrath
 H - a +0 blowgun
 J - a +1 spear of flaming
 Q - a +2 shortbow of freezing
Missiles
 I - 2 throwing nets (quivered)
Armour
 b - a +0 scale mail
 c - a +0 shield (worn)
 e - a +1 pair of gloves (worn)
 t - a +0 chain mail
 E - a cursed -2 ring mail (worn)
 O - a +0 cloak (worn)
Jewellery
 n - a +6 ring of slaying (right hand)
 s - an uncursed ring of loudness
 w - an uncursed ring of teleportation
 D - a +3 ring of evasion (left hand)
 G - a +3 amulet of reflection
 K - an uncursed ring of protection from magic {unknown}
Wands
 g - a wand of paralysis (16)
 i - a wand of iceblast (8)
 M - a wand of digging (16)
Scrolls
 j - 9 scrolls of identify
 k - 4 scrolls of teleportation
 m - a scroll of fog
 p - 3 scrolls of amnesia {unknown}
 q - 3 scrolls of magic mapping {unknown}
 r - 3 scrolls of enchant armour
 u - a scroll of enchant weapon {unknown}
 y - 3 scrolls of fear {unknown}
 A - 2 scrolls of blinking {unknown}
 B - 2 scrolls of remove curse
 S - a scroll of random uselessness {unknown}
Potions
 d - 3 potions of might
 l - 3 potions of curing
 v - a potion of heal wounds {unknown}
 x - 2 potions of haste {unknown}
 z - a potion of flight {unknown}
 F - 2 potions of brilliance {unknown}
 N - 2 potions of lignification {unknown}
 P - a potion of degeneration {unknown}
Books
 L - a book of Maledictions

   Spells                             Type                      Level
   a - Corona                         Hexes                        1
   b - Ensorcelled Hibernation        Hexes/Ice                    2
   c - Confuse                        Hexes                        3
   d - Tukima's Dance                 Hexes                        3
   e - Dazzling Spray                 Conjuration/Hexes            3
Comestibles
 f - 4 bread rations
 o - 3 meat rations
 C - 4 fruits
 R - 2 royal jellies


   Skills:
 + Level 7.3 Fighting
 + Level 11.7 Axes
 + Level 7.7 Armour
 + Level 3.4 Dodging
 + Level 0.6 Stealth
 + Level 7.2 Shields


You had 8 spell levels left.
You didn't know any spells.

Dungeon Overview and Level Annotations

Branches:
Dungeon (11/15)            Temple (1/1) D:6             Orc (0/2) D:10
   Lair: D:8-11

Altars:
Ashenzari
Cheibriados
Elyvilon
Fedhas
Gozag
Hepliaklqana
Kikubaaqudgha
Makhleb
Nemelex Xobeh
Okawaru
Qazlal
Ru
Sif Muna
Trog
Uskayaw
Vehumet
Wu Jian
Xom
Yredelemnul
Zin
The Shining One

Shops:
D:11 }


Innate Abilities, Weirdness & Mutations

You reflexively headbutt those who attack you in melee.
You have a pair of horns on your head.
You are agile. (Dex +2)
You are resistant to hostile enchantments. (MR+)
Your muscles are strong. (Str +2)
You are occasionally teleported next to monsters.


Message History

You hit the komodo dragon.
The komodo dragon is lightly wounded.
The komodo dragon bites you but does no damage.
You slash the komodo dragon! You headbutt the komodo dragon.
The komodo dragon is heavily wounded.
You block the komodo dragon's attack.
You completely miss the komodo dragon. You headbutt the komodo dragon!
The komodo dragon is severely wounded.
You block the komodo dragon's attack.
You closely miss the komodo dragon.
The komodo dragon is severely wounded.
You slash the worker ant!
You kill the worker ant!
Okawaru accepts your kill. The komodo dragon misses you.
You furiously retaliate!
You headbutt the komodo dragon, but do no damage.
You hit the komodo dragon. You headbutt the komodo dragon!
The komodo dragon is almost dead.
You hit the wraith but do no damage. The wraith hits you!
You die...

######.## .#. #.#
#.# #.# #.# #+#
#.# ###### #.###
#8.8.8 #.#.## ....
#.⌠.⌠l##....####
..W..
#8.∩.8@W.......+
.....
#..⌠.⌠.##......##
..... #.8.8.8
#......###....
#.#.#.#
#.........# #.. ..
#.........# ## ##.
#.........# +# #
#.........# .#
....#...##.###.##
###.##...#.......#


You could see a komodo dragon and a wraith.

Vanquished Creatures
  A troll (D:7)
  The ghost of MetaJoker the Slasher, an amateur MiFi (D:4)
  A hornet (D:10)
  Grinder (D:3)
  Sigmund (D:3)
  A wraith (D:10)
  Grum (D:8)
  A hungry ghost (D:10)
  Edmund (D:5)
  An orc warrior (D:8)
  2 ice beasts (D:6)
  2 phantoms
  A sky beast (D:11)
  2 wolves (D:8)
  2 ogres
  A centaur (D:8)
  A bullfrog (D:6)
  A scorpion (D:6)
  A howler monkey (D:7)
  2 crimson imps
  2 centaur zombies
  A quasit (D:6)
  2 orc wizards
  A centaur skeleton (D:8)
  Crazy Yiuf (D:7)
  A hound (D:5)
  2 jellies
  A gnoll shaman (D:7)
  2 iguanas
  An orc priest (D:6)
  4 worker ants
  An ogre zombie (D:10)
  A hound skeleton (D:10)
  3 gnolls (D:7)
  6 adders
  A shadow imp (D:6)
  2 oozes (D:2)
  An adder zombie (D:2)
  An adder skeleton (D:4)
  A worm (D:3)
  A dart slug (D:3)
  6 leopard geckos
  10 orcs
  9 bats
  5 giant cockroaches
  3 goblins
  9 hobgoblins
  3 jackals (D:2)
  2 quokkas
  A ball python (D:5)
  6 frilled lizards
  A hobgoblin zombie (D:10)
  A jackal zombie (D:5)
  8 kobolds
  3 orc zombies (D:10)
  11 rats
  A spectral orc (D:2)
  A fungus (D:7)
141 creatures vanquished.

Notes
Turn   | Place    | Note
-------+----------+-------------------------------------------
     0 | D:1      | slep the Minotaur Fighter began the quest for the Orb.
     0 | D:1      | Reached XP level 1. HP: 19/19 MP: 0/0
   212 | D:1      | Reached XP level 2. HP: 24/27 MP: 1/1
   473 | D:2      | Reached skill level 3 in Axes
   473 | D:2      | Reached XP level 3. HP: 33/33 MP: 2/2
   780 | D:2      | Reached XP level 4. HP: 37/41 MP: 3/3
   875 | D:2      | Found a basalt altar of Yredelemnul.
   986 | D:3      | Reached skill level 1 in Dodging
  1048 | D:3      | Reached skill level 4 in Axes
  1049 | D:3      | Found a sparkling altar of Nemelex Xobeh.
  1061 | D:3      | Noticed Sigmund
  1065 | D:3      | Noticed Grinder
  1068 | D:3      | Paralysed by Grinder for 7 turns
  1079 | D:3      | HP: 1/41 [Grinder/nerve-wracking pain (14)]
  1086 | D:4      | Noticed MetaJoker's ghost (amateur MiFi)
  1100 | D:4      | Killed MetaJoker's ghost
  1100 | D:4      | Reached skill level 5 in Fighting
  1100 | D:4      | Reached skill level 5 in Axes
  1100 | D:4      | Reached XP level 5. HP: 7/48 MP: 4/4
  1100 | D:4      | Reached XP level 6. HP: 8/56 MP: 5/5
  1318 | D:4      | Gained mutation: You are weak. (Str -2) [potion of mutation]
  1318 | D:4      | Gained mutation: You are partially covered in slimy green scales. (AC +2) [potion of mutation]
  1318 | D:4      | Gained mutation: You are somewhat resistant to further mutation. [potion of mutation]
  1437 | D:4      | Reached skill level 6 in Axes
  1437 | D:4      | Reached skill level 5 in Shields
  1456 | D:5      | Entered Level 5 of the Dungeon
  1513 | D:5      | Noticed Edmund
  1529 | D:5      | Killed Edmund
  1529 | D:5      | Reached XP level 7. HP: 55/61 MP: 6/6
  1576 | D:5      | Reached skill level 7 in Axes
  1737 | D:5      | Found a hazy altar of Hepliaklqana.
  1737 | D:5      | Found an ancient bone altar of Kikubaaqudgha.
  1830 | D:5      | Found a bloodstained altar of Trog.
  2021 | D:6      | Found a staircase to the Ecumenical Temple.
  2028 | Temple   | Entered the Ecumenical Temple
  2045 | Temple   | Became a worshipper of Warmaster Okawaru
  2334 | D:6      | Reached skill level 8 in Axes
  2396 | D:6      | Reached * piety under Okawaru
  2396 | D:6      | Reached skill level 5 in Armour
  2396 | D:6      | Reached XP level 8. HP: 61/70 MP: 7/7
  2422 | D:6      | Found a glowing golden altar of the Shining One.
  2668 | D:3      | Killed Grinder
  2790 | D:3      | Found a hide-covered altar of Uskayaw.
  2926 | D:3      | Killed Sigmund
  2926 | D:3      | Reached skill level 9 in Axes
  3269 | D:7      | Noticed a troll
  3277 | D:7      | Killed a troll
  3277 | D:7      | Reached skill level 10 in Axes
  3418 | D:7      | Reached ** piety under Okawaru
  3782 | D:7      | Found a runed door.
  3786 | D:7      | Noticed Crazy Yiuf
  3789 | D:7      | Killed Crazy Yiuf
  3832 | D:8      | Noticed Grum
  3839 | D:8      | Reached XP level 9. HP: 37/78 MP: 8/8
  3848 | D:8      | Killed Grum
  3976 | D:8      | Reached skill level 11 in Axes
  4321 | D:8      | You fall through a shaft for 3 floors!
  4335 | D:11     | Lost mutation: You are somewhat resistant to further mutation. [potion of mutation]
  4335 | D:11     | Lost mutation: You are weak. (Str -2) [potion of mutation]
  4335 | D:11     | Lost mutation: You are partially covered in slimy green scales. (AC +2) [potion of mutation]
  4335 | D:11     | Gained mutation: Your muscles are strong. (Str +2) [potion of mutation]
  4335 | D:11     | Gained mutation: You are occasionally teleported next to monsters. [potion of mutation]
  4335 | D:11     | Gained mutation: You are agile. (Dex +2) [potion of mutation]
  4340 | D:10     | Entered Level 10 of the Dungeon
  4362 | D:10     | Reached *** piety under Okawaru
  4393 | D:10     | Found a staircase to the Orcish Mines.
  4429 | D:11     | Gained mutation: You are resistant to hostile enchantments. (MR+) [mutagenic meat]
  4445 | D:11     | Found Zuwk's Gadget Shoppe.
  4447 | D:11     | Noticed a komodo dragon
  4455 | D:11     | Slain by a wraith

Vault maps used:
D:1:      dpeg_arrival_prison
D:2:      yredelemnul_forgotten_temple_becter, glass_columns_a
D:3:      lemuel_round_altar, nicolae_overflow_hidden_temple, uniq_sigmund,
          uniq_grinder
D:5:      gammafunk_temple_overflow_pools, bloody_trog, first_bread, uniq_edmund
D:6:      minmay_temple_entry_hall, tso_altar
D:7:      minivault_11, uniq_crazy_yiuf_cottage
D:8:      overflow_temple_1_default, uniq_grum
D:10:     zombieorc2_lemuel
D:11:     enter_trove_6, serial_shops,
          nicolae_shop_temple_entry_statues_fountains
Temple:   zaba_magenta_temple

Skill      XL: |  1  2  3  4  5  6  7  8  9 |
---------------+----------------------------+-----
Fighting       | 4 5 6 7 |  7.3
Axes           | 3 5 6 8 10 11 | 11.7
Shields        | 4 5 6 7 |  7.2
Armour         | 4 5 6 7 |  7.7
Dodging        | 1 2 3 |  3.4
Stealth        | |  0.6

Action                   |  1- 3 |  4- 6 |  7- 9 || total
-------------------------+-------+-------+-------++-------
Melee: War axe           |   103 |    59 |   191 ||   353
       Headbutt          |    13 |     9 |    47 ||    69
  Use: Potion            |       |     2 |     2 ||     4
       Scroll            |       |     7 |       ||     7
  Eat: Chunk             |       |     2 |    10 ||    12
Armor: Scale mail        |    53 |     9 |       ||    62
       Chain mail        |       |    14 |    22 ||    36
       Ring mail         |       |       |    18 ||    18
Dodge: Dodged            |    42 |    18 |    86 ||   146
Block: Shield            |    60 |    27 |    98 ||   185

Table legend:
 A = Spawn XP
 B = Non-spawn XP
 C = Spawn XP percentage of total XP
 D = Spawn monster count
 E = Non-spawn monster count
 F = Spawn count percentage of total count
 G = Total turns spent on level
                    A         B        C        D         E        F      G
               +---------+---------+-------+---------+---------+-------+---------
         Total |       0 |    4928 |   0.0 |       0 |     140 |   0.0 |  4455
               +---------+---------+-------+---------+---------+-------+---------
           D:1 |       0 |      32 |   0.0 |       0 |      18 |   0.0 |   464
           D:2 |       0 |      79 |   0.0 |       0 |      26 |   0.0 |   496
           D:3 |       0 |     560 |   0.0 |       0 |      21 |   0.0 |   471
           D:4 |       0 |     513 |   0.0 |       0 |      11 |   0.0 |   422
           D:5 |       0 |     273 |   0.0 |       0 |       9 |   0.0 |   584
           D:6 |       0 |     583 |   0.0 |       0 |      15 |   0.0 |   520
           D:7 |       0 |     698 |   0.0 |       0 |      10 |   0.0 |   789
           D:8 |       0 |    1117 |   0.0 |       0 |      14 |   0.0 |   489
          D:10 |       0 |     834 |   0.0 |       0 |      11 |   0.0 |    78
          D:11 |       0 |     239 |   0.0 |       0 |       5 |   0.0 |    56
               +---------+---------+-------+---------+---------+-------+---------
